 Dungeon Sprint DCSS version 0.31-a0-408-gb642c7f9a3 (webtiles) character file.

Game seed: 4532088675916964665

16899 zazu2006 the Protected (level 12, -6/105 HPs)
             Began as a Gnoll Wanderer on July 29, 2023.
             Was the Champion of Vehumet.
             Killed from afar by an ice dragon (40 damage)
             ... with a blast of cold
             ... in the Dungeon (Sprint IX: "|||||||||||||||||||||||||||||").
             The game lasted 00:21:07 (4363 turns).

zazu2006 the Protected (Gnoll Wanderer)             Turns: 4363, Time: 00:21:08

Health: -6/105     AC: 39    Str: 11    XL:     12   Next: 42%
Magic:  27/28      EV:  3    Int: 17    God:    Vehumet [******]
Gold:   1742       SH:  0    Dex: 21    Spells: 17/35 levels left

rFire   . . .        y - +1 demon blade (elec)
rCold   . . .        (no shield)
rNeg    . . .        z - +8 orange crystal plate armour {Archmagi, Int+3 Clar}
rPois   .            E - +1 helmet
rElec   .            o - +0 cloak
rCorr   .            s - +1 pair of gloves {hurl}
SInv    .            e - +0 pair of boots
Will    .....        (no amulet) Stlth
                     q - +3 ring of dexterity
HPRegen 0.37/turn    d - +3 ring of intelligence
MPRegen 0.21/turn

%: no teleportation, clarity, archmagi
@: on berserk cooldown
A: fangs 1, strong nose, distributed training
a: Renounce Religion


You were in the Dungeon.
You worshipped Vehumet.
Vehumet was exalted by your worship.
You visited 1 branch You collected 1942 gold pieces.
You spent 200 gold pieces at shops.

Inventory:

Hand Weapons
 a - a +1 dagger
 m - a +2 scimitar of flaming
 y - a +1 demon blade of electrocution (weapon)
 F - a +6 spear of flaming
Missiles
 b - 2 atropa-tipped darts
 c - 2 datura-tipped darts (quivered)
 r - a curare-tipped dart
Armour
 e - a +0 pair of boots (worn)
 n - +0 swamp dragon scales
 o - a +0 cloak (worn)
 p - a +1 scale mail
 s - a +1 pair of gloves of hurling (worn)
 z - the +8 orange crystal plate armour (worn) {Archmagi, Int+3 Clar}
   (You found it in the Dungeon)

   Int:       It affects your intelligence (+3).
   Clar:      It protects you from confusion, rage, mesmerisation and fear.
 E - a +1 helmet (worn)
Jewellery
 d - a +3 ring of intelligence (right hand)
 f - a +4 ring of protection
 g - a ring of flight
 k - a ring of willpower
 q - a +3 ring of dexterity (left hand)
 v - a ring of willpower
 w - a ring of protection from fire
 x - a ring of protection from cold
Wands
 h - a wand of flame (14)
Scrolls
 j - 2 scrolls of amnesia
 t - 4 scrolls of identify
 u - 4 scrolls of enchant weapon
 D - a scroll of blinking
Potions
 i - 4 potions of magic
 l - 2 potions of mutation
 A - 2 potions of curing
 B - 2 potions of heal wounds


   Skills:
 + Level 13.5 Fighting
 + Level 12.0 Short Blades
 + Level 12.0 Long Blades
 + Level 12.0 Axes
 + Level 12.0 Maces & Flails
 + Level 12.0 Polearms
 + Level 12.0 Staves
 + Level 12.0 Ranged Weapons
 + Level 12.0 Throwing
 + Level 13.5 Armour
 + Level 12.0 Dodging
 + Level 13.3 Stealth
 + Level 12.0 Shields
 + Level 12.0 Unarmed Combat
 + Level 12.0 Spellcasting
 + Level 10.1 Conjurations
 + Level 10.1 Hexes
 + Level 10.1 Summonings
 + Level 10.1 Necromancy
 + Level 10.1 Translocations
 + Level 10.1 Transmutations
 + Level 10.1 Fire Magic
 + Level 10.1 Ice Magic
 + Level 10.1 Air Magic
 + Level 10.1 Earth Magic
 + Level 10.1 Poison Magic
 + Level 13.2 Invocations
 + Level 12.0 Evocations
 + Level 10.1 Shapeshifting


You had 17 spell levels left.
You knew the following spells:

 Your Spells              Type           Power      Damage    Failure   Level
a - Sandblast             Erth           100%       2d20      26%         1
b - Irradiate             Conj/Tmut      30%        3d21      99%         5
c - Ozocubu's Refrigerat  Ice            30%        4d14      100%        7
d - Freezing Cloud        Conj/Ice/Air   30%        6-21      99%         5

Your spell library contained the following spells:

 Spells                   Type           Power      Damage    Failure   Level
 Lehudib's Crystal Spear  Conj/Erth      30%        10d8      100%        8


Dungeon Overview and Level Annotations

Branches:
Dungeon (1/1)

Altars:
Cheibriados
Dithmenos
Elyvilon
Fedhas
Gozag
Hepliaklqana
Kikubaaqudgha
Makhleb
Nemelex Xobeh
Okawaru
Qazlal
Ru
Sif Muna
Trog
Uskayaw
Vehumet
Wu Jian
Xom
Yredelemnul
Zin
The Shining One
Jiyva
Lugonu

Shops:
D ?((*


Innate Abilities, Weirdness & Mutations

You have very sharp teeth.
Your uncanny sense of smell can sniff out nearby items.
Your experience applies equally to all skills.


Message History

Vehumet offers you knowledge of Lehudib's Crystal Spear.
The tengu conjurer casts a spell.
The tengu conjurer conjures a globe of magical energy!
Your Short Blades skill increases to level 12!
Your Long Blades skill increases to level 12!
Your Axes skill increases to level 12!
Your Maces & Flails skill increases to level 12!
Your Polearms skill increases to level 12!
Your Staves skill increases to level 12!
Your Ranged Weapons skill increases to level 12!
Your Throwing skill increases to level 12!
Your Dodging skill increases to level 12!
Your Shields skill increases to level 12!
Your Unarmed Combat skill increases to level 12!
Your Spellcasting skill increases to level 12!
Your Evocations skill increases to level 12!
A battlesphere comes into view.
Casting: Freezing Cloud (extremely dangerous; 99% risk of failure)
Confirm with . or Enter, or press ? or * to list all spells.
Okay, then.
You slash the ice dragon! Your punch misses the ice dragon.
The ice dragon is severely wounded.
The ice dragon bites you!
The ice dragon claws you but does no damage.
The ice dragon tramples you but does no damage.
The tengu conjurer gestures wildly while chanting.
The tengu conjurer blinks!
You hit the ice dragon.
The ice dragon is severely wounded.
You feel yourself speed up.
The deep elf pyromancer casts a spell.
The ice dragon bites you!
The ice dragon claws you but does no damage.
The ice dragon barely misses you.
Unknown command.
You slash the ice dragon!
The ice dragon is severely wounded.
The ice dragon breathes frost at you. The blast of cold hits you!!!
You die...

▓_▓.▓.▓.▓.▓.▓.▓
▓_▓.▓.▓.▓.▓.▓.▓
▓_▓.▓)▓.▓.▓.▓.▓
▓_▓.▓.▓.▓)▓.▓.▓
▓_▓.▓.▓.▓'▓.▓.▓
▓'▓.▓'▓.▓)▓.▓.▓
▓.▓.▓.▓.▓.▓.▓)▓
▓.▓.▓.▓.▓.▓.▓.▓
▓)▓.▓.▓.▓.▓.▓@▓
▓.▓)▓.▓.▓.▓.▓D▓
▓.▓.▓.▓.▓∩▓.▓*▓
▓.▓.▓.▓.▓)▓.▓Q▓
▓[▓.▓.▓.▓∩▓.▓C▓
▓.▓.▓.▓.▓.▓.▓T▓
▓.▓.▓.▓.▓∩▓.▓Q▓
▓'▓)▓)▓.▓.▓.▓e▓
▓)▓.▓)▓.▓∩▓.▓


You could see an ice dragon (catching breath), a tengu warrior, a cyclops, a
deep troll earth mage, a deep elf pyromancer, a tengu conjurer and a
battlesphere (distracted).

Vanquished Creatures
  A very ugly thing (D)
  A stone giant (D)
  An ogre mage (D)
  A centaur warrior (D)
  An orc high priest (D)
  8 orc knights (D)
  A lindwurm (D)
  An elephant (D)
  2 ugly things (D)
  Maurice (D)
  A black mamba (D)
  Joseph (D)
  4 cane toads (D)
  An unseen horror (D)
  A kobold demonologist (D)
  2 rime drakes (D)
  A meliai (D)
  3 tyrant leeches (D)
  A slime creature (D)
  A jumping spider (shapeshifter) (D)
  A vampire (D)
  A culicivora (shapeshifter) (D)
  A human (shapeshifter) (D)
  5 yaks (D)
  Grum (D)
  5 water moccasins (D)
  16 orc warriors (D)
  3 wolves (D)
  A kobold brigand (D)
  A scorpion (D)
  A howler monkey (D)
  A gnoll bouda (D)
  6 orc priests (D)
  2 hounds (D)
  2 orc wizards (D)
  A hell rat (D)
  An adder (D)
  4 worms (D)
  6 orcs (D)
  A goblin (D)
  2 kobolds (D)
  A quokka (D)
  A frilled lizard (D)
98 creatures vanquished.

Vanquished Creatures (others)
  A boulder beetle (D)
1 creature vanquished.

Grand Total: 99 creatures vanquished

Notes
Turn   | Place    | Note
-------+----------+-------------------------------------------
     0 | D        | zazu2006 the Gnoll Wanderer began the quest for the Orb.
     0 | D        | zazu2006 set off with the following items: a +1 dagger, 2
                  | atropa-tipped darts, 2 datura-tipped darts, a +0 scale
                  | mail, a potion of might, a potion of curing, a potion of
                  | heal wounds, a potion of haste, 2 potions of magic, a
                  | potion of berserk rage, a scroll of blinking.
     0 | D        | Reached XP level 1. HP: 23/23 MP: 2/2
    21 | D        | Reached skill level 1 in Short Blades
    21 | D        | Reached skill level 1 in Long Blades
    21 | D        | Reached skill level 1 in Axes
    21 | D        | Reached skill level 1 in Maces & Flails
    21 | D        | Reached skill level 1 in Polearms
    21 | D        | Reached skill level 1 in Staves
    21 | D        | Reached skill level 1 in Ranged Weapons
    21 | D        | Reached skill level 1 in Throwing
    21 | D        | Reached skill level 1 in Dodging
    21 | D        | Reached skill level 1 in Shields
    21 | D        | Reached skill level 1 in Unarmed Combat
    21 | D        | Reached skill level 1 in Spellcasting
    21 | D        | Reached skill level 1 in Evocations
    40 | D        | Noticed a hound
    40 | D        | Noticed a howler monkey
    40 | D        | Noticed a hound
    40 | D        | Noticed a scorpion
    46 | D        | Killed a hound
    47 | D        | Reached skill level 1 in Conjurations
    47 | D        | Reached skill level 1 in Hexes
    47 | D        | Reached skill level 1 in Summonings
    47 | D        | Reached skill level 1 in Necromancy
    47 | D        | Reached skill level 1 in Translocations
    47 | D        | Reached skill level 1 in Transmutations
    47 | D        | Reached skill level 1 in Fire Magic
    47 | D        | Reached skill level 1 in Ice Magic
    47 | D        | Reached skill level 1 in Air Magic
    47 | D        | Reached skill level 1 in Earth Magic
    47 | D        | Reached skill level 1 in Poison Magic
    47 | D        | Reached skill level 1 in Shapeshifting
    47 | D        | Reached XP level 2. HP: 29/29 MP: 3/5
    47 | D        | Reached XP level 3. HP: 35/35 MP: 3/6
    52 | D        | Reached XP level 4. HP: 43/43 MP: 3/8
    69 | D        | Killed a scorpion
    70 | D        | Reached XP level 5. HP: 27/48 MP: 5/10
    74 | D        | Found a snail-covered altar of Cheibriados.
    74 | D        | Found a shadowy altar of Dithmenos.
    74 | D        | Found a white marble altar of Elyvilon.
    74 | D        | Found a blossoming altar of Fedhas.
    74 | D        | Found an opulent altar of Gozag.
    75 | D        | Found a hazy altar of Hepliaklqana.
    76 | D        | Found a viscous altar of Jiyva.
    77 | D        | Found an ancient bone altar of Kikubaaqudgha.
    78 | D        | Found a corrupted altar of Lugonu.
    79 | D        | Found a burning altar of Makhleb.
    80 | D        | Found a sparkling altar of Nemelex Xobeh.
    81 | D        | Found an iron altar of Okawaru.
    82 | D        | Found a stormy altar of Qazlal.
    83 | D        | Found a sacrificial altar of Ru.
    84 | D        | Found a shimmering blue altar of Sif Muna.
    85 | D        | Found a bloodstained altar of Trog.
    86 | D        | Found a hide-covered altar of Uskayaw.
    87 | D        | Found a radiant altar of Vehumet.
    88 | D        | Found an ornate altar of the Wu Jian Council.
    89 | D        | Found a shimmering altar of Xom.
    90 | D        | Found a basalt altar of Yredelemnul.
    91 | D        | Found a glowing silver altar of Zin.
    92 | D        | Found a glowing golden altar of the Shining One.
    95 | D        | Became a worshipper of Vehumet
   145 | D        | Noticed a yak
   145 | D        | Noticed a kobold brigand
   145 | D        | Noticed a kobold demonologist
   148 | D        | Reached skill level 5 in Invocations
   152 | D        | Reached XP level 6. HP: 47/56 MP: 10/12
   152 | D        | Reached * piety under Vehumet
   152 | D        | Offered knowledge of Sandblast by Vehumet.
   152 | D        | Killed an unseen horror
   153 | D        | Reached skill level 5 in Short Blades
   153 | D        | Reached skill level 5 in Long Blades
   153 | D        | Reached skill level 5 in Axes
   153 | D        | Reached skill level 5 in Maces & Flails
   153 | D        | Reached skill level 5 in Polearms
   153 | D        | Reached skill level 5 in Staves
   153 | D        | Reached skill level 5 in Ranged Weapons
   153 | D        | Reached skill level 5 in Throwing
   153 | D        | Reached skill level 5 in Dodging
   153 | D        | Reached skill level 5 in Shields
   153 | D        | Reached skill level 5 in Unarmed Combat
   153 | D        | Reached skill level 5 in Spellcasting
   153 | D        | Reached skill level 5 in Evocations
   153 | D        | Reached XP level 7. HP: 54/63 MP: 10/15
   156 | D        | Killed a yak
   159 | D        | Killed a kobold demonologist
   159 | D        | Reached ** piety under Vehumet
   160 | D        | Reached skill level 5 in Conjurations
   160 | D        | Reached skill level 5 in Hexes
   160 | D        | Reached skill level 5 in Summonings
   160 | D        | Reached skill level 5 in Necromancy
   160 | D        | Reached skill level 5 in Translocations
   160 | D        | Reached skill level 5 in Transmutations
   160 | D        | Reached skill level 5 in Fire Magic
   160 | D        | Reached skill level 5 in Ice Magic
   160 | D        | Reached skill level 5 in Air Magic
   160 | D        | Reached skill level 5 in Earth Magic
   160 | D        | Reached skill level 5 in Poison Magic
   160 | D        | Reached skill level 5 in Shapeshifting
   160 | D        | Reached XP level 8. HP: 43/71 MP: 14/17
   252 | D        | Learned a level 1 spell: Sandblast
   252 | D        | Noticed a boulder beetle
   252 | D        | Noticed a centaur warrior
   252 | D        | Noticed a slime creature
   252 | D        | Noticed a jumping spider
   252 | D        | Noticed a vampire
   255 | D        | Offered knowledge of Momentum Strike by Vehumet.
   258 | D        | Killed a jumping spider
   258 | D        | Killed a boulder beetle
   260 | D        | Killed a centaur warrior
   261 | D        | Reached skill level 10 in Fighting
   261 | D        | Reached skill level 10 in Armour
   261 | D        | Reached XP level 9. HP: 78/78 MP: 18/20
   265 | D        | Reached *** piety under Vehumet
   273 | D        | Reached skill level 10 in Stealth
   511 | D        | Noticed Grum
   537 | D        | Offered knowledge of Hailstorm by Vehumet.
   542 | D        | Killed Grum
   546 | D        | Reached **** piety under Vehumet
   688 | D        | Noticed a black mamba
   689 | D        | Noticed a rime drake
   693 | D        | Noticed a cane toad
   703 | D        | Killed a black mamba
   704 | D        | Reached ***** piety under Vehumet
   707 | D        | Noticed a rime drake
   711 | D        | Offered knowledge of Inner Flame by Vehumet.
   712 | D        | Reached XP level 10. HP: 39/86 MP: 22/22
   723 | D        | Reached skill level 10 in Invocations
   729 | D        | Killed a cane toad
   874 | D        | Noticed an elephant
   874 | D        | Noticed a cane toad
   874 | D        | Noticed a cane toad
   879 | D        | Offered knowledge of Irradiate by Vehumet.
   889 | D        | Reached ****** piety under Vehumet
   895 | D        | Noticed a cane toad
   901 | D        | Killed an elephant
   904 | D        | Killed a cane toad
   909 | D        | Killed a cane toad
   924 | D        | Killed a cane toad
   932 | D        | Learned a level 5 spell: Irradiate
  1121 | D        | Noticed a lindwurm
  1132 | D        | Offered knowledge of Ozocubu's Refrigeration by Vehumet.
  1135 | D        | Killed a lindwurm
  1136 | D        | Reached XP level 11. HP: 95/95 MP: 24/24
  1358 | D        | Learned a level 7 spell: Ozocubu's Refrigeration
  1560 | D        | Reached skill level 10 in Short Blades
  1560 | D        | Reached skill level 10 in Long Blades
  1560 | D        | Reached skill level 10 in Axes
  1560 | D        | Reached skill level 10 in Maces & Flails
  1560 | D        | Reached skill level 10 in Polearms
  1560 | D        | Reached skill level 10 in Staves
  1560 | D        | Reached skill level 10 in Ranged Weapons
  1560 | D        | Reached skill level 10 in Throwing
  1560 | D        | Reached skill level 10 in Dodging
  1560 | D        | Reached skill level 10 in Shields
  1560 | D        | Reached skill level 10 in Unarmed Combat
  1560 | D        | Reached skill level 10 in Spellcasting
  1560 | D        | Reached skill level 10 in Evocations
  1715 | D        | Offered knowledge of Arcjolt by Vehumet.
  1909 | D        | Offered knowledge of Yara's Violent Unravelling by Vehumet.
  2069 | D        | Noticed an orc high priest
  2120 | D        | Killed an orc high priest
  2132 | D        | Offered knowledge of Freezing Cloud by Vehumet.
  2733 | D        | Learned a level 5 spell: Freezing Cloud
  2737 | D        | Found Xousip's Magic Scroll Emporium.
  2737 | D        | Noticed an orc knight
  2737 | D        | Noticed an orc knight
  2737 | D        | Noticed an orc knight
  2748 | D        | Killed an orc knight
  2750 | D        | Killed an orc knight
  2758 | D        | Killed an orc knight
  3093 | D        | Offered knowledge of Starburst by Vehumet.
  3147 | D        | Noticed an orc knight
  3290 | D        | Killed an orc knight
  3480 | D        | Found Feomurpho's Weapon Shoppe.
  3484 | D        | Found Oqehiggo's Weapon Emporium.
  3488 | D        | Found Quixinn's Assorted Antiques.
  3490 | D        | Noticed an orc knight
  3499 | D        | Noticed an orc knight
  3500 | D        | Killed an orc knight
  3504 | D        | Noticed an orc knight
  3509 | D        | Killed an orc knight
  3513 | D        | Killed an orc knight
  3515 | D        | Noticed an orc knight
  3639 | D        | Killed an orc knight
  3640 | D        | Reached XP level 12. HP: 76/103 MP: 8/27
  3836 | D        | Offered knowledge of Spellforged Servitor by Vehumet.
  3876 | D        | Bought an encrusted brass ring for 100 gold pieces
  3876 | D        | Bought a knobbly jade ring for 100 gold pieces
  3934 | D        | Noticed Joseph
  3949 | D        | Killed Joseph
  3950 | D        | Noticed Maurice
  3958 | D        | Killed Maurice
  4172 | D        | Found the +8 orange crystal plate armour {Archmagi, Int+3
                  | Clar}
  4296 | D        | Noticed an ogre mage
  4302 | D        | Noticed a cyan very ugly thing
  4313 | D        | Noticed an ice dragon
  4318 | D        | Noticed a deep troll earth mage
  4329 | D        | Killed a cyan very ugly thing
  4330 | D        | Noticed a tengu warrior
  4332 | D        | Noticed a stone giant
  4337 | D        | Killed an ogre mage
  4338 | D        | Reached skill level 10 in Conjurations
  4338 | D        | Reached skill level 10 in Hexes
  4338 | D        | Reached skill level 10 in Summonings
  4338 | D        | Reached skill level 10 in Necromancy
  4338 | D        | Reached skill level 10 in Translocations
  4338 | D        | Reached skill level 10 in Transmutations
  4338 | D        | Reached skill level 10 in Fire Magic
  4338 | D        | Reached skill level 10 in Ice Magic
  4338 | D        | Reached skill level 10 in Air Magic
  4338 | D        | Reached skill level 10 in Earth Magic
  4338 | D        | Reached skill level 10 in Poison Magic
  4338 | D        | Reached skill level 10 in Shapeshifting
  4360 | D        | Killed a stone giant
  4360 | D        | Offered knowledge of Lehudib's Crystal Spear by Vehumet.
  4363 | D        | Killed from afar by an ice dragon

Illustrated notes

Levels and vault maps discovered:
D:        linesprint [early_d, line_temple, items_1, d_10, items_2, lair_1,
          lair_end, items_3, orc_1, orc_end, items_4, d_15, swamp_1, shoals_1,
          snake_1, spider_1, d_20, vaults_1, items_5, swamp_end, shoals_end,
          snake_end, spider_end, vaults_end, d_27, items_6, zot_1, zot_end,
          crypt_end, forest_end, elf_end, slime_end, tomb_end, abyss_end,
          pan_hell_end]

Skill      XL: |  1  2  3  4  5  6  7  8  9 10 11 12 |
---------------+-------------------------------------+-----
Stealth        | 6 7 8 9 10 11 12 13 | 13.3
Short Blades   | 2 3 4 5 6 7 8 9 11 12 | 12.0
Long Blades    | 2 3 4 5 6 7 8 9 11 12 | 12.0
Axes           | 2 3 4 5 6 7 8 9 11 12 | 12.0
Maces & Flails | 2 3 4 5 6 7 8 9 11 12 | 12.0
Polearms       | 2 3 4 5 6 7 8 9 11 12 | 12.0
Staves         | 2 3 4 5 6 7 8 9 11 12 | 12.0
Ranged Weapons | 2 3 4 5 6 7 8 9 11 12 | 12.0
Throwing       | 2 3 4 5 6 7 8 9 11 12 | 12.0
Dodging        | 2 3 4 5 6 7 8 9 11 12 | 12.0
Shields        | 2 3 4 5 6 7 8 9 11 12 | 12.0
Unarmed Combat | 2 3 4 5 6 7 8 9 11 12 | 12.0
Spellcasting   | 2 3 4 5 6 7 8 9 11 12 | 12.0
Evocations     | 2 3 4 5 6 7 8 9 11 12 | 12.0
Conjurations   | 1 2 3 4 5 6 7 8 9 10 | 10.1
Hexes          | 1 2 3 4 5 6 7 8 9 10 | 10.1
Summonings     | 1 2 3 4 5 6 7 8 9 10 | 10.1
Necromancy     | 1 2 3 4 5 6 7 8 9 10 | 10.1
Translocations | 1 2 3 4 5 6 7 8 9 10 | 10.1
Transmutations | 1 2 3 4 5 6 7 8 9 10 | 10.1
Fire Magic     | 1 2 3 4 5 6 7 8 9 10 | 10.1
Ice Magic      | 1 2 3 4 5 6 7 8 9 10 | 10.1
Air Magic      | 1 2 3 4 5 6 7 8 9 10 | 10.1
Earth Magic    | 1 2 3 4 5 6 7 8 9 10 | 10.1
Poison Magic   | 1 2 3 4 5 6 7 8 9 10 | 10.1
Invocations    | 3 4 5 6 7 8 9 11 12 13 | 13.2
Shapeshifting  | 1 2 3 4 5 6 7 8 9 10 | 10.1
Fighting       | 7 8 9 10 11 12 13 | 13.5
Armour         | 7 8 9 10 11 12 13 | 13.5

Action                     |  1- 3 |  4- 6 |  7- 9 | 10-12 || total
---------------------------+-------+-------+-------+-------++-------
  Melee: Dagger            |    23 |    17 |       |       ||    40
         Bite              |     4 |     3 |     6 |    33 ||    46
         Punch             |       |     2 |     5 |    16 ||    23
         Scimitar          |       |     3 |    47 |   253 ||   303
         Demon blade       |       |       |       |    61 ||    61
  Throw: Dart              |       |       |       |     4 ||     4
   Cast: Sandblast         |       |       |     2 |    18 ||    20
         Freezing Cloud    |       |       |       |     9 ||     9
         Irradiate         |       |       |       |     5 ||     5
  Evoke: Wand              |       |     3 |     7 |       ||    10
    Use: Potion            |     1 |     1 |     3 |    15 ||    20
         Scroll            |       |       |       |     4 ||     4
   Stab: Invisible         |       |       |     7 |     6 ||    13
         Sleeping          |       |       |       |     2 ||     2
         Distracted        |       |       |       |     1 ||     1
 Armour: Scale mail        |     8 |     9 |    22 |    64 ||   103
         Crystal plate arm |       |       |       |    63 ||    63
  Dodge: Dodged            |     5 |    15 |    29 |   120 ||   169

Table legend: (Time is in decaauts)
 A = Elapsed time spent in this place.
 B = Non-inter-level travel time spent in this place.
 C = Inter-level travel time spent in this place.
 D = Time resting spent in this place.
 E = Time spent auto-exploring this place.
 F = Levels seen in this place.
 G = Mean time per level.
                   A        B        C        D        E       F      G
               +--------+--------+--------+--------+--------+-----+--------+
         Total |   4328 |   4326 |      2 |   1742 |    771 |   1 | 4328.0 |
       Dungeon |   4328 |   4326 |      2 |   1742 |    771 |   1 | 4328.0 |
               +--------+--------+--------+--------+--------+-----+--------+

Top non-repeatable levels by time:
       D: 4328 daAuts
